Cogmind - Beta 16 @@@ ROGUE MODE // 2025.11.13 @ 16:01:38 Player: Star Result: Destroyed by S5-7SL(g) with Salvaging Laser Performance ------------- Evolutions (0) 0 Regions Visited (3) 600 Robots Destroyed (4) 20 Value Destroyed (169) 169 Prototype IDs (12) 240 Alien Tech Used (0) 0 Bonus (800) 800 TOTAL SCORE: 1829 Bonus ------- Registered with UFD 300 Met Optimus in HQ 500 Cogmind --------- Core Integrity 0/250 Matter 290/300 Energy 31/100 System Corruption 0% Temperature Cool (6) Movement Core (200) Ox3 Location -7/Scraptown Parts ------- > --- POWER (1) -------- (None) > --- PROPULSION (2) --- (None) > --- UTILITY (2) ------ Advanced Heat Sink Small Storage Unit > --- WEAPON (2) ------- Medium Laser Overtuned Pulse Rifle > --- INVENTORY (8) ---- Hover Unit Improved Heat Sink Experimental Sensor Array IFF Parser Makeshift Hacking Suite CPS Tube (2) CPS Tube (2) Peak State ------------ > --- POWER ------------ Light Deuterium Engine > --- PROPULSION ------- Airjet Airjet > --- UTILITY ---------- Advanced Heat Sink Small Storage Unit > --- WEAPON ----------- Medium Laser Thermic Laser > --- INVENTORY -------- Hover Unit Improved Heat Sink Experimental Sensor Array IFF Parser Makeshift Hacking Suite CPS Tube CPS Tube [Rating: 23] Favorites ----------- Power Light Ion Engine Engine Light Ion Engine Propulsion Hover Unit Leg Aluminum Leg Hover Unit Hover Unit Utility Small Storage Unit Device Advanced Heat Sink Storage Small Storage Unit Weapon Medium Laser Energy Gun Medium Laser Build | -11 -10 -10 -7 ------- Run | Yrd Mat Sub Scr Slots Evolved . | . . . . Power . | . . . . Propulsion . | . . . . Utility . | . . . . Weapon . | . . . . Parts Attached 14 | 6 2 . 6 Power 2 | 1 . . 1 Engine 2 | 1 . . 1 Core . | . . . . Reactor . | . . . . Propulsion 6 | 2 2 . 2 Treads . | . . . . Leg 2 | 2 . . . Wheel . | . . . . Hover 4 | . 2 . 2 Flight . | . . . . Utility 2 | 1 . . 1 Device 1 | . . . 1 Storage 1 | 1 . . . Processor . | . . . . Hackware . | . . . . Protection . | . . . . Artifact . | . . . . Weapon 4 | 2 . . 2 Energy Gun 4 | 2 . . 2 Energy Cannon . | . . . . Ballistic Gun . | . . . . Ballistic Cannon . | . . . . Launcher . | . . . . Special Weapon . | . . . . Impact Weapon . | . . . . Slashing Weapon . | . . . . Piercing Weapon . | . . . . Special Melee Weapon . | . . . . Unidentified Prototypes . | . . . . Parts Lost 4 | . . . 4 Power 1 | . . . 1 Propulsion 2 | . . . 2 Utility . | . . . . Weapon 1 | . . . 1 Highest Loss Streak 4 | . . . 4 To Critical Strikes . | . . . . Average Backups 4 | . 1 3 6 Power . | . . . . Propulsion 1 | . . 2 1 Utility 1 | . . 1 2 Weapon . | . . . 1 Tool/Special . | . . . . Unused Backups 7 | . . . 7 Power . | . . . . Propulsion . | . . . . Utility 5 | . . . 5 Weapon . | . . . . Tool/Special 2 | . . . 2 Average Slot Usage (%) 76 | . 85 85 72 Engine 13 | . 14 14 13 Leg 7 | . 20 4 6 Hover 19 | . 7 23 20 Device 6 | . . . 10 Storage 14 | . 14 14 14 Energy Gun 14 | . 28 28 6 Peak Build Rating 23 | 6 6 6 23 Average Rating 9 | 4 6 6 12 On Entrance 4 | . 6 6 6 Avg Prop Armor Cover (%) . | . . . . Naked Turns . | . . . . Heaviest Build 17 | 12 12 12 17 Greatest Support 20 | 20 20 20 20 Greatest Overweight (x) 3 | 3 . . 3 Average Overweight (x) . | . . . . Largest Inventory Capacity 8 | 8 8 8 8 Average Capacity 7 | 7 8 8 8 Most Carried 8 | 3 3 3 8 Average Carried 4 | . 1 3 6 Final Capacity 8 | 8 8 8 8 Final Carried 7 | . 3 3 7 Class Distribution -------------------- 100% | Mutant Dominant Class ---------------- Mutant | -10/Materials Mutant | -10/Subcaves Mutant | -7/Scraptown Resources | -11 -10 -10 -7 ----------- Run | Yrd Mat Sub Scr Matter Collected 370 | 168 65 19 118 Remotely . | . . . . Salvage Created 223 | . . . 223 Parts 8 | . . . 8 Haulers Intercepted . | . . . . Recyclers Shooed . | . . . . Parts Field Recycled . | . . . . Retrieved Matter . | . . . . Parts Self-Destructed 1 | . . 1 . Prevented . | . . . . Parts Restored . | . . . . Kills | -11 -10 -10 -7 ------- Run | Yrd Mat Sub Scr Combat Hostiles Destroyed 4 | . . . 4 Guns 4 | . . . 4 Classes Destroyed 3 | . . . 3 Explorer 2 | . . . 2 Guru 1 | . . . 1 Scrapper 1 | . . . 1 Best Kill Streak 4 | . . . 4 Combat Bots Only 4 | . . . 4 Max Kills in Single Turn 1 | . . . 1 Gunslinging . | . . . . Exploded . | . . . . Melee . | . . . . Uniques/NPCs Destroyed . | . . . . Combat | -11 -10 -10 -7 -------- Run | Yrd Mat Sub Scr Hostile Shots Fired 54 | . . . 54 Missed 16 | . . . 16 Hits 38 | . . . 38 Melee 4 | . . . 4 Projectile 34 | . . . 34 Critical Strikes 3 | . . . 3 Part Disruptions 1 | . . . 1 Damage Taken 662 | . . . 662 Core 250 | . . . 250 Absorbed by Shields . | . . . . Core Remaining (%) 100 | 100 . . . Volleys Fired 16 | . . . 16 Largest 2 | . . . 2 Hottest 135 | . . . 135 Shots Fired 24 | . . . 24 Gun 24 | . . . 24 Cannon . | . . . . Launcher . | . . . . Special . | . . . . Kinetic . | . . . . Thermal 24 | . . . 24 Explosive . | . . . . Electromagnetic . | . . . . Robot Hit Streak 11 | . . . 11 Robot Miss Streak 2 | . . . 2 Penetration Max . | . . . . Secondary Targets . | . . . . Shots Hit Robots 20 | . . . 20 Core Hits 8 | . . . 8 Critical Kills . | . . . . Critical Parts Destroyed . | . . . . Critical Strikes 2 | . . . 2 Burn 2 | . . . 2 Melee Attacks . | . . . . Impact . | . . . . Slashing . | . . . . Piercing . | . . . . Sneak Attacks . | . . . . Combat Hostiles . | . . . . Follow-up Attacks . | . . . . Damage Inflicted 302 | . . . 302 Guns 302 | . . . 302 Cannons . | . . . . Explosions . | . . . . Melee . | . . . . Ramming . | . . . . Kinetic . | . . . . Thermal 302 | . . . 302 Explosive . | . . . . Electromagnetic . | . . . . Impact . | . . . . Slashing . | . . . . Piercing . | . . . . Highest Corruption . | . . . . Average Corruption . | . . . . Corruption Purged . | . . . . Corruption Blocked . | . . . . Overload Shots . | . . . . Overflow Damage . | . . . . Projectiles . | . . . . Explosions . | . . . . Melee . | . . . . Knockbacks . | . . . . Impact . | . . . . Kinetic . | . . . . Secondary . | . . . . Self-Inflicted Damage . | . . . . Shots . | . . . . Rammed . | . . . . Targets Rammed . | . . . . Kicked . | . . . . Crushed . | . . . . Highest Temperature 125 | . . . 125 Average Temperature 39 | . . . 39 Received Heat Transfer 345 | . . . 345 Siege Activations . | . . . . Martial Activations . | . . . . Shielding Activations . | . . . . Robots Disrupted . | . . . . Combat Hostiles . | . . . . Robots Corrupted . | . . . . Combat Hostiles . | . . . . Parts Fried . | . . . . Impact Corruptions . | . . . . Robots Melted . | . . . . Combat Hostiles . | . . . . Parts Melted 3 | . . . 3 Heat Transferred 956 | . . . 956 Parts Sabotaged . | . . . . Parts Stolen . | . . . . Parts Stripped . | . . . . Power Chain Reactions . | . . . . Alert | -11 -10 -10 -7 ------- Run | Yrd Mat Sub Scr Maximum Alert Level . | . . . . Low Security (%) 100 | 100 100 . . Level 1 . | . . . . Level 2 . | . . . . Level 3 . | . . . . Level 4 . | . . . . Level 5 . | . . . . High Security . | . . . . Max Security . | . . . . Peak Influence . | . . . . Initial . | . . . . Average . | . . . . Influence Increases . | . . . . Influence Decreases . | . . . . Squads Dispatched . | . . . . Investigation . | . . . . Extermination . | . . . . Reinforcement . | . . . . Assault . | . . . . Garrison . | . . . . Intercept . | . . . . Searches Triggered . | . . . . Construction Impeded . | . . . . Haulers Reinforced . | . . . . Active Scanning Responses . | . . . . Cargo Convoy Interrupts . | . . . . Stealth | -11 -10 -10 -7 --------- Run | Yrd Mat Sub Scr Distress Signals 1 | . 1 . . Communications Jammed . | . . . . Distress Signals . | . . . . Times Spotted 16 | . . . 16 Peak Tracking Total 5 | . . . 5 Tactical Retreats . | . . . . Traps | -11 -10 -10 -7 ------- Run | Yrd Mat Sub Scr Traps Triggered . | . . . . Indirectly . | . . . . Trap Hack Attempts . | . . . . Triggered . | . . . . Disarmed . | . . . . Reprogrammed . | . . . . Reused . | . . . . Traps Extracted . | . . . . Installed . | . . . . Triggered . | . . . . Machines | -11 -10 -10 -7 ---------- Run | Yrd Mat Sub Scr Machines Disabled . | . . . . Max in Single Turn . | . . . . Machines Repaired . | . . . . Machines Dismantled . | . . . . Machines Sabotaged . | . . . . Overloaded Fab Kills . | . . . . Hacking | -11 -10 -10 -7 --------- Run | Yrd Mat Sub Scr Machines Accessed 7 | . . . 7 Terminals . | . . . . Fabricators . | . . . . Repair Stations . | . . . . Recycling Units . | . . . . Scanalyzers . | . . . . Garrison Access . | . . . . Total Hacks 57 | . . . 57 Successful 57 | . . . 57 Failed . | . . . . Catastrophic . | . . . . Database Lockouts . | . . . . Manual . | . . . . Terminals . | . . . . Fabricators . | . . . . Repair Stations . | . . . . Recycling Units . | . . . . Scanalyzers . | . . . . Garrison Access . | . . . . Terminal Hacks 57 | . . . 57 Record 49 | . . . 49 Robot Analysis 7 | . . . 7 Proto ID Catalog 1 | . . . 1 Fabricator Hacks . | . . . . Repair Station Hacks . | . . . . Recycling Unit Hacks . | . . . . Scanalyzer . | . . . . Garrison Access Hacks . | . . . . Unauthorized Hacks . | . . . . Terminals . | . . . . Fabricators . | . . . . Repair Stations . | . . . . Recycling Units . | . . . . Scanalyzers . | . . . . Garrison Access . | . . . . Data Cores Recovered . | . . . . Used . | . . . . Hacking Detections . | . . . . Full Trace Events . | . . . . Feedback Events . | . . . . Feedback Blocked . | . . . . Robot Schematics Acquired . | . . . . Robots Built . | . . . . Authchips . | . . . . Time . | . . . . Total Robot Build Rating . | . . . . Part Schematics Acquired . | . . . . Parts Built . | . . . . Authchips . | . . . . Time . | . . . . Total Part Build Rating . | . . . . Part Studies Acquired . | . . . . Parts Repaired . | . . . . Time . | . . . . Parts Recycled . | . . . . Recycled Matter . | . . . . Retrieved Matter . | . . . . Retrieved Components . | . . . . Parts Scanalyzed . | . . . . Part Schematics Acquired . | . . . . Parts Damaged . | . . . . Bothacking | -11 -10 -10 -7 ------------ Run | Yrd Mat Sub Scr Used RIF Installer . | . . . . Robots Hacked . | . . . . Non-combat . | . . . . Combat . | . . . . Robot Hacks Applied . | . . . . Relay Couplers Released . | . . . . Fabnet Peak Effective % . | . . . . Robots Rewired . | . . . . Allies Hacked . | . . . . Hacks Repelled . | . . . . Allies | -11 -10 -10 -7 -------- Run | Yrd Mat Sub Scr Total Allies . | . . . . Largest Group . | . . . . Highest-Rated Group . | . . . . Highest-Rated Ally . | . . . . Total Orders . | . . . . Ally Attacks . | . . . . Total Damage . | . . . . Kills . | . . . . Allies Corrupted . | . . . . Allies Melted 2 | . . . 2 Intel | -11 -10 -10 -7 ------- Run | Yrd Mat Sub Scr Active Infowar (turns) . | . . . . Robot Analysis Total 7 | . . . 7 Derelict Logs Recovered 1 | . . 1 . Drone Launches . | . . . . Drone Recoveries . | . . . . Exploration | -11 -10 -10 -7 ------------- Run | Yrd Mat Sub Scr Turns Passed 1226 | 44 142 275 765 Spaces Moved 1238 | 29 84 156 969 Core 14 | 9 . . 5 Treads . | . . . . Legs 233 | 20 64 26 123 Wheels . | . . . . Hover 991 | . 20 130 841 Flight . | . . . . Fastest Speed 50 | 50 56 56 56 Average Speed 73 | 113 104 66 70 Slowest Speed 200 | 200 120 120 200 Overloaded Moves . | . . . . Propulsion Burnouts . | . . . . Robots Hopped . | . . . . Potential Cave-ins . | . . . . Cave-ins Triggered . | . . . . Exploration Rate (%) 23 | 3 18 14 59 Regions Visited 3 Branch Regions 2 Pre-discovered Areas 4 | . . . 4 Known Exits Taken . | . . . . Unknown Exits Taken 3 | 1 1 1 . Scrap Searched 2 | . . . 2 Spaces Dug . | . . . . Terrain Destroyed . | . . . . Melee . | . . . . Projectile . | . . . . AOE . | . . . . Terrain Rammed . | . . . . Walls Destroyed . | . . . . Machines Disabled . | . . . . Actions | -11 -10 -10 -7 --------- Run | Yrd Mat Sub Scr Total 1528 | 40 136 326 1026 Wait 230 | . 48 169 13 Move 1235 | 28 83 155 969 Hop . | . . . . Pick Up 20 | 6 3 . 11 Fast Attach 1 | . . . 1 Attach 9 | 6 . . 3 Detach 2 | . . . 2 Swap 8 | . 2 2 4 Drop 6 | . . . 6 Fire 16 | . . . 16 Melee . | . . . . Ram . | . . . . Kick . | . . . . Crush . | . . . . Escape Stasis . | . . . . Rewire 1 | . . . 1 Trap . | . . . . Miscellaneous . | . . . . Route ------- -11/Scrapyard -10/Materials (discovered 2 exits: [*Mat] / [*Sub]) -10/Subcaves -7/Scraptown (discovered 1 exit: [*Fac]) History --------- Turn | Location | Event 13 | -11/Scrapyard | Discovered new exit (range 15) 45 | -11/Scrapyard | Entered Materials 46 | -10/Materials | Met a group of wandering Federalists 113 | -10/Materials | Discovered new exit (range 5) 124 | -10/Materials | Discovered new exit (range 14) 187 | -10/Materials | Entered Subcaves 187 | -10/Subcaves | Accompanied by 2 allies 188 | -10/Subcaves | Continued accompanying wandering Federalists (6) 243 | -10/Subcaves | Learned Materials security intel 302 | -10/Subcaves | Build established: Mutant 453 | -10/Subcaves | Wandering Federalist uncovered a shortcut to Scraptown 462 | -10/Subcaves | Entered Scraptown 668 | -7/Scraptown | Heard Great Nut preacher, LISTEN AND RECITE! 675 | -7/Scraptown | Visited UFD Registry 675 | -7/Scraptown | Registered with UFD as "Bladegrid" 683 | -7/Scraptown | Visited SPCMW 690 | -7/Scraptown | Visited Cave Peace 712 | -7/Scraptown | Visited Comm Corps 817 | -7/Scraptown | Discovered new exit (range 6) 908 | -7/Scraptown | Visited LU-1G1's Boring Crew 934 | -7/Scraptown | Visited Analyses Database 948 | -7/Scraptown | Visited Science Guys 966 | -7/Scraptown | Visited Scrapoid Research Area 987 | -7/Scraptown | Met Optimus 987 | -7/Scraptown | Accepted into 0bPrime 1018 | -7/Scraptown | Visited Infowarlord's Domain 1023 | -7/Scraptown | Found Exp. Sensor Array 1029 | -7/Scraptown | Civil war broke out across Scraptown 1069 | -7/Scraptown | Visited Cartography Club 1080 | -7/Scraptown | Learned location of Recycling (-7) 1080 | -7/Scraptown | Learned location of Quarantine (-3) 1080 | -7/Scraptown | Learned 12 Factory zone layouts 1080 | -7/Scraptown | Learned 8 Lower Caves zone layouts 1080 | -7/Scraptown | Learned 12 Proximity Caves zone layouts 1080 | -7/Scraptown | Learned 16 Upper Caves zone layouts 1080 | -7/Scraptown | Learned 4 Armory zone layouts 1080 | -7/Scraptown | Learned location of 2 exits from Lower Caves 1080 | -7/Scraptown | Learned location of 1 exit from Upper Caves 1080 | -7/Scraptown | Learned location of 2 exits from Proximity Caves 1098 | -7/Scraptown | Lost 7 allies 1203 | -7/Scraptown | Core integrity fell below 50% 1208 | -7/Scraptown | Optimus destroyed in the chaos of civil war 1224 | -7/Scraptown | Core integrity fell below 20% 1227 | -7/Scraptown | Destroyed by S5-7SL(g) with Salvaging Laser Last Messages --------------- 01195_ UD-CZG(p) suffers critical hit (Burn). 01197_ UD-CZG(p) destroyed. 01199_ Lgt. Deuterium Engine destroyed. 01202_ Critical hit (Burn: +50). 01207_ Machine disabled. 01208_ ANNOUNCEMENT: The traitor Optimus has been dealt with. Put down any remaining collaborators. 01210_ 6H-8QM(j) heat damages Broken Ovr. Titanium Leg. 01212_ Mak. Salvage Targeting Computer melted. 01212_ 6H-8QM(j) destroyed. 01213_ Critical hit (Burn: +50). 01214_ Thermic Laser destroyed. 01216_ Acquired Ovr. Pulse Rifle. 01218_ O5-KCH(j) heat short circuits Lgt. Deuterium Engine. 01218_ Destroyed Imp. Sensor Array. 01220_ Critical hit (Burn: +50). 01221_ 0M-0XR(x) suffers critical hit (Burn). 01221_ Mak. Spear melted. 01221_ 0M-0XR(x) destroyed. 01226_ O5-KCH(j) heat short circuits Mak. Salvage Targeting Computer. Map ----- +----------------------------------------------------+ | ?????????????????????????????????????????????????? | | ?????????????????????????????????????????????????? | | ?????????????????????????????????????????????????? | | ?????????????????????????????????????????????????? | | ?????????????????????????????????????????????????? | | ?????????????????????????????????????????????????? | | ?????????????????????????????????????????????????? | | ?????????????????????????????????????????????????? | | ?????????????????????????????????????????????????? | | ?????????????????????????????????????????????????? | | ?????????????????????????????????????????????????? | | ?????????????????????????????????????????????????? | | ?????????????????????????????????????????????????? | | ?????????????????????????????????????????????????? | | ?????????????????????????????????? ?????????????? | | ?????????????????????????????????? ?????????????? | | ?????????????????????????????????? #############? | | ???????????###########???????????? #"""""""""""#? | | ???????????# # # #???????????# #""" X """""#? | | ???????????# # """ # #???????????# #"""" """#? | | ???????????# # "#" # #???????????# #""!" "#? | | ##?????????# # """ # ###########?# #"""" """#? | | X#?????????# ##""""""""#?# #"" """"#? | | #?????????# ####### ##"" " X "#?# #& ""#? | | #?????????# # # ##" "#?# #&" "" ""#? | | ######????# # # ## @ = ""#?# #&" "" ""#? | | #????# # # ## %!g! #?# #" #? | | #????# ## %j== #?# # "#? | | #### ##????##### ###########%###?#!=## ##########? | | #### ########### ###########=#####%=## ########### | | """" """"""""""" "" "" """""%"""""! " %"## """ | | " !*[*%!!%! !!! ## """"" | | " !%!=!!! =%/ [%*[## """ | | !!=[=[ =[[*==**# | | " [[ ==!*[ =%!!%![[## | | " %[ *%= [=*[%[%!%[!! | | * """""""""""""""" """""""""" *!===!##=! "" | | """""""""""""""""""""""""""= =![!=## " """ | | ""###### ################ !!=%[["# """ "" | | ""# ##????????#""% %* ########## | | ""# X"#????????#"!!!=! "#????????? | | ""# "" "" ##????????#"" != "########## | | % ""# "" "" X"#??????###"" "## | | [% ""# " " ######### #"" ## | | " "" "" =% != | | " "" "" "## | | "= ""# " " ######### #"" "## | | /% ""# "" "" ""#??????###" "########## | | = ""# "" "" ##????????# "#????????? | | ""# X"#????????#" "#????????? | +----------------------------------------------------+ Best States ------------- Heat Dissipation 44 Energy Generation 14 Energy Capacity 140 Matter Stores 300 Matter Capacity 300 Sight Range 16 Terrain Scan Density 10 Evasion (%) 55 Item Schematics ----------------- None Robot Schematics ------------------ None Fabricated ------------ Nothing Repaired ---------- Nothing Studied --------- None Alien Tech Used ----------------- None Achievements -------------- Armchair Analyst Civilization 2243 Link The Feds Challenges ------------ None Game ------ Seed AntigravRainbowNetwork Manual? 0 Play Time 00:29:55 Cumulative 9.3 hours Start 2025.11.13 @ 15:28:20 End 2025.11.13 @ 16:01:38 Sessions 1 Manual Loads 0 Difficulty Rogue Special Mode None Game No. 26 Rogue 26 Adventurer 0 Explorer 0 Win Type - Total 0 Types 0/0/0/0/0/0/0/0/0/0 Lore% 10 Gallery% 14 Achievement% 12 Wizard Run 0 Options --------- Layout 0 ASCII 0 Keyboard 0 Movement Mouse Keybinds 0 Fullscreen 2 Font 24/Smallcaps Map View 76x50 Zoom Use 0% Tactical HUD 1 Map Filters NONE Filters NONE Steam 1 RUN: eb44a1b9-843d-45cc-ba50-89cc8f634e2e